cohdb
Replays
Latest Replays
All Replays
Popular Replays
Top Player Replays
Match Explorer
How It Works
Community
CoH3 Stats
Reddit
Sign in to upload your games and track your stats! →
Sign in with Steam
Match 45610189
Unlisted
Match 45610189
Overview
Messages
Build Orders
End
Construct Infanterie Kompanie
Grenadier Squad
MG 42 Machine Gun Team
Selects Terror Battlegroup
Selects Machine Gun Camouflage
MG 42 Machine Gun Team
Grenadier Squad
Infanterie Officer Quarters
GrW 34 Mortar Team
Grenadier Squad
Construct Panzergrenadier Kompanie
Support Elements
Selects Defend the Fatherland
Nebelwerfer 42 Rocket Launcher Team
Grenadier Squad
Medical Station
Panzergrenadier Officer Quarters
251 Medium Carrier
StuG III G Assault Gun
StuG III G Assault Gun
Pioneer Squad
Selects King Tiger Heavy Tank
ST Hélios | No Game No Life
SickOFCauger
Angrybirds
-AL- Nimahfrosch
0
0
Comments
sign in to comment!
No comments posted yet!